 Seeded DCSS version 0.28-a0-519-gbfeecf2fc5 (webtiles) character file.

Game seed: 271 (custom seed)

23 Squid the Chopper (level 2, 27/27 HPs)
             Began as a Hill Orc Berserker on Sept 23, 2021.
             Was a Follower of Trog.
             Got out of the dungeon alive.
             The game lasted 00:02:13 (1548 turns).

Squid the Chopper (Hill Orc Berserker)              Turns: 1548, Time: 00:02:13

Health: 27/27      AC:  2    Str: 19    XL:     2   Next: 95%
Magic:  2/2        EV:  9    Int:  7    God:    Trog [*.....]
Gold:   37         SH:  6    Dex: 10    Spells: 1/1 levels left

rFire   . . .      SeeInvis .   a - +0 hand axe
rCold   . . .      Faith    .   c - +0 kite shield
rNeg    . . .      Spirit   .   b - +0 animal skin
rPois   .          Reflect  .   (no helmet)
rElec   .          Harm     .   (no cloak)
rCorr   .          Rampage  .   (no gloves)
Will    .....                   (no boots)
Stlth   +.........              (no amulet)
HPRegen 0.09/turn               (no ring)
MPRegen 0.08/turn               (no ring)

@: no status effects
A: no striking features
a: Renounce Religion, Berserk


You escaped.
You worshipped Trog.
Trog was aware of your devotion.
You visited 1 branch of the dungeon, and saw 1 of its levels.

You collected 37 gold pieces.

Inventory:

Hand Weapons
 a - a +0 hand axe (weapon)
 d - a +1 vorpal mace
Armour
 b - a +0 animal skin (worn)
 c - a +0 kite shield (worn)
Potions
 e - a potion of lignification {unknown}
 f - 2 potions of curing {unknown}
 g - a potion of ambrosia {unknown}


   Skills:
 + Level 4.0 Fighting
 + Level 4.6 Axes
 + Level 2.4 Armour
 + Level 1.8 Dodging


You had one spell level left.
You didn't know any spells.
Your spell library was empty.

Dungeon Overview and Level Annotations

Branches:
Dungeon (1/15)

Altars:


Message History

Trog accepts your kill.
No target in view!
No target in view!
No target in view!
You now have 37 gold pieces (gained 13).
Found 9 poisoned darts.
Found a stone staircase leading down.
g - a white potion
There is an open door here.
There is an open door here.
You see here 11 poisoned darts.
There is a stone staircase leading down here.
You see here a +0 chain mail.
Done exploring.
Done exploring.
No target in view!
No target in view!
No target in view!
No target in view!
No target in view!
No target in view!
No target in view!
Unknown command.
Save game and exit?
Welcome back, Squid the Hill Orc Berserker.
Game seed: 271 (custom seed) Trog says: Kill them all!
Press ? for a list of commands and other information.
Unknown command.
Autopickup is now off.
Unknown command.
Unknown command.
Unknown command.
Unknown command.
No target in view!
Nothing quivered!
There is a stone staircase leading down here.
There is a staircase leading out of the dungeon here.
Are you sure you want to leave the Dungeon?
This will make you lose the game!
You have escaped!

.# ### #.####..###.#### .########
#.###.# #..# #.##.. ........##
#.....# #..# #..... .###.....#
###.#.#.####..###..... .# #.....#
#.........#.....#..... .#
#.....###.#.#.#.#.###.#.#..... .#
#...........#.#.......#.#.....
.###.....#.#.###.###.#.#.#.#.....
.#.......#......@......#.#.#.....
.#.......#.#.###.###.#.#.#.#.##..
.......#.......#.#.......#.#.####
.......#.###.#.#.#.#.###.#.#.....
.......#...#.........#.....#....#
.......###.###.#.#.###.#####....#
.......# #...#.....# #.# #....#
....)..# ###.#.###.###.##########
.......# #.......#.......# ####


There were no monsters in sight!

Vanquished Creatures
  2 endoplasms (D:1)
  A giant cockroach (D:1)
  3 goblins (D:1)
  4 jackals (D:1)
  3 quokkas (D:1)
  A ball python (D:1)
  A bat (D:1)
  A frilled lizard (D:1)
  A kobold (D:1)
  3 rats (D:1)
20 creatures vanquished.

Notes
Turn   | Place    | Note
-------+----------+-------------------------------------------
     0 | D:1      | Squid the Hill Orc Berserker began the quest for the Orb.
     0 | D:1      | Reached XP level 1. HP: 19/19 MP: 1/1
   135 | D:1      | Reached XP level 2. HP: 27/27 MP: 2/2
   495 | D:1      | Found a faded altar of an unknown god.
  1548 | D:$      | Got out of the dungeon alive.

Illustrated notes

Levels and vault maps discovered:
D:1:      roderic_chinese_lattice_arrival, layout_basic,
          shapermc_ecumenical_altar_mp_highgroup, hangedman_glass_teeth

Skill      XL: |  1  2 |
---------------+-------+-----
Fighting       | 4 |  4.0
Axes           | |  4.6
Armour         | |  2.4
Dodging        | |  1.8

Action                   || total
-------------------------++-------
Melee: Hand axe          ||    59
Invok: Berserk           ||     1
Armor: Animal skin       ||     9
Dodge: Dodged            ||    24
Block: Kite shield       ||    11

Table legend: (Time is in decaauts)
 A = Elapsed time spent in this place.
 B = Non-inter-level travel time spent in this place.
 C = Inter-level travel time spent in this place.
 D = Time resting spent in this place.
 E = Time spent auto-exploring this place.
 F = Levels seen in this place.
 G = Mean time per level.
                   A        B        C        D        E       F      G
               +--------+--------+--------+--------+--------+-----+--------+
         Total |   1570 |   1430 |    140 |     91 |   1185 |   1 | 1570.0 |
       Dungeon |   1570 |   1430 |    140 |     91 |   1185 |   1 | 1570.0 |
               +--------+--------+--------+--------+--------+-----+--------+

Top non-repeatable levels by time:
     D:1: 1570 daAuts
